Map: Ultralove

Players

LiquidClem (Clem)

  • Race: Terran Terran
  • League: Master
  • Spawn Location: 1:00

SHIN - Winner!

  • Race: Zerg Zerg
  • Spawn Location: 7:00

Event: DreamHack Dallas 2025

VOD

Have the link to the VOD?

Description

Time

  • Played on: May 24, 2025, 5:46 p.m.
  • Length: 13:20

All games in this series

Show
View Real Time Build Order
Export as new Build Order

LiquidClem Terran 

Build Orders: Reaper Expand 

Get SALT Encoding   

  12  0:00  SCV  
  13  0:12  SCV  
  14  0:16  Supply Depot  
  14  0:24  SCV  
  15  0:38  SCV  
  15  0:40  Barracks  
  16  0:43  Refinery  
  16  0:50  SCV  
  17  1:02  SCV  
  18  1:14  SCV  
  19  1:27  Orbital Command, Reaper  
  20  1:38  Command Center  
  20  1:46  Supply Depot  
  20  1:52  SCV  
  21  1:59  Marine  
  22  2:04  SCV  
  23  2:08  Factory  
  23  2:16  SCV  
  23  2:20  Barracks Reactor  
  24  2:29  SCV  
  25  2:39  Command Center  
  25  2:41  SCV  
  26  2:50  Orbital Command  
  26  2:53  SCV  
  26  2:57  Barracks  
  27  3:04  Barracks Tech Lab  
  27  3:05  SCV  
  28  3:06  Hellion  
  28  3:12  Hellion  
  32  3:16  Refinery  
  32  3:18  SCV  
  34  3:20  SCV  
  34  3:24  Marine  
  35  3:27  Stimpack  
  35  3:29  Hellion  
  35  3:32  SCV  
  35  3:33  SCV  
  38  3:37  Hellion  
  40  3:42  Marine  
  40  3:44  SCV  
  40  3:45  SCV  
  40  3:47  Starport  
  43  3:52  Orbital Command  
  43  3:56  SCV  
  43  3:57  SCV  
  45  4:03  Marine x2  
  45  4:04  Marine  
  45  4:05  Factory Reactor  
  45  4:08  Supply Depot, SCV  
  49  4:10  SCV  
  50  4:17  SCV  
  50  4:20  SCV  
  50  4:21  Marine x2  
  50  4:22  Marine  
  50  4:23  SCV  
  56  4:29  SCV  
  57  4:32  Supply Depot, SCV  
  57  4:35  SCV  
  57  4:36  Refinery  
  57  4:37  Refinery  
  59  4:39  Marine x2  
  59  4:40  Marine  
  59  4:43  SCV  
  59  4:45  SCV  
  64  4:47  Medivac x2  
  64  4:48  SCV  
  64  4:51  Factory Tech Lab  
  64  4:52  Barracks  
  69  4:56  Supply Depot, Marine  
  69  4:57  Marine  
  69  4:58  Marine  
  73  5:01  SCV x2  
  73  5:02  Orbital Command  
  73  5:04  Engineering Bay  
  73  5:05  Engineering Bay  
  74  5:12  Siege Tank  
  77  5:18  Marine x2, SCV x2  
  73  5:21  Marine  
  73  5:24  Supply Depot  
  73  5:25  Combat Shield  
  73  5:28  SCV  
  75  5:30  SCV x2  
  75  5:31  Terran Infantry Armor Level 1, Terran Infantry Weapons Level 1  
  75  5:32  Starport Reactor  
  77  5:35  Marine  
  77  5:39  Marine  
  79  5:43  Barracks, SCV  
  79  5:44  Barracks, SCV  
  79  5:49  Marine  
  85  5:51  Supply Depot  
  85  5:53  Marine x2  
  85  5:55  Marine  
  85  5:56  SCV  
  85  5:57  Marine, SCV  
  90  5:58  SCV  
  92  6:07  Supply Depot, Marine  
  92  6:09  Siege Tank  
  93  6:12  Armory  
  93  6:13  SCV x3  
  93  6:14  Medivac  
  93  6:15  Supply Depot  
  93  6:16  Marine  
  93  6:17  Marine  
  99  6:20  Marine x2  
  99  6:25  SCV  
  101  6:28  Supply Depot, Marine, SCV, Medivac  
  101  6:31  Barracks Reactor  
  101  6:32  Barracks Reactor  
  105  6:33  SCV  
  105  6:37  SCV  
  107  6:40  Marine, SCV, Armory  
  107  6:43  Siege Tank  
  107  6:45  Marine  
  107  6:46  Marine  
  114  6:50  Medivac  
  114  6:53  Bunker  
  114  6:54  Marine x2  
  116  6:55  Refinery  
  116  6:58  Supply Depot, Marine  
  119  7:01  Terran Vehicle Weapons Level 1  
  119  7:03  Marine  
  119  7:04  Medivac  
  119  7:05  Marine  
  119  7:06  Factory  
  123  7:09  Marine x2  
  123  7:13  Supply Depot  
  125  7:16  Marine  
  125  7:18  Marine  
  125  7:19  Marine  
  125  7:20  Marauder, SCV x3  
  125  7:21  Marine  
  120  7:23  Marine  
  120  7:24  Marine  
  120  7:25  Widow Mine  
  120  7:26  Drilling Claws  
  120  7:27  Marine  
  120  7:32  SCV  
  120  7:33  Marine  
  120  7:34  Marine  
  120  7:36  Marine x2  
  124  7:40  Command Center  
  124  7:42  Supply Depot  
  124  7:43  Marine x2  
  124  7:44  Marine x2  
  127  7:45  Marauder  
  127  7:50  Terran Infantry Weapons Level 2  
  130  7:51  Marine, Factory Tech Lab  
  130  7:52  Marine  
  130  7:53  Marine  
  130  7:54  Siege Tank  
  130  7:56  Marine  
  130  7:58  Supply Depot  
  137  8:01  Marine x2  
  137  8:02  Medivac  
  137  8:04  Marine x2, Medivac  
  145  8:05  Marine  
  145  8:08  Supply Depot  
  145  8:09  Marine  
  145  8:10  Marine  
  147  8:16  Marine x2  
  147  8:17  Siege Tank  
  139  8:21  Barracks  
  139  8:24  Barracks x2  
  139  8:26  Marine, Siege Tank  
  143  8:31  Supply Depot  
  143  8:33  SCV x3  
  143  8:34  Marine  
  146  8:35  Terran Infantry Armor Level 2  
  146  8:38  Marine x3  
  146  8:39  Marine  
  146  8:40  Marine x2  
  152  8:45  Marine, SCV  
  152  8:46  Marauder  
  152  8:47  SCV  
  157  8:49  Siege Tank  
  157  8:51  Marine, Liberator  
  164  8:56  Marine x2  
  164  8:58  Supply Depot  
  164  8:59  Marine, Siege Tank  
  164  9:00  Marine x3  
  173  9:03  Marine  
  173  9:04  Terran Vehicle And Ship Armor Level 1  
  173  9:06  Marine  
  173  9:08  Marine  
  173  9:09  Marine  
  174  9:12  Barracks Tech Lab x2  
  174  9:13  SCV  
  174  9:14  Marine x2  
  174  9:15  SCV  
  163  9:17  Marine  
  163  9:18  Marine x2  
  150  9:25  Marauder  
  150  9:26  Siege Tank  
  150  9:27  Marine  
  150  9:28  Marine  
  150  9:29  SCV  
  139  9:34  Marauder  
  124  9:39  Marauder  
  124  9:40  Marine x2  
  124  9:43  Marine  
  123  9:46  Marauder  
  123  9:53  Marine  
  123  9:55  SCV x2  
  123  9:56  Marauder  
  123  9:58  Barracks Tech Lab  
  123  9:59  Marine  
  128  10:00  Marauder  
  128  10:02  SCV  
  128  10:06  Planetary Fortress  
  131  10:12  Liberator  
  134  10:16  Marauder, Marine  
  134  10:20  Marauder  
  131  10:26  Siege Tank  
  136  10:28  Marauder  
  136  10:31  Marauder, SCV  
  134  10:35  Siege Tank  
  134  10:42  Marauder x2, Marine  
  141  10:43  Marine  
  128  10:50  Marauder, Marine  
  128  10:51  SCV  
  128  10:56  Marine  
  121  11:00  SCV  
  121  11:01  SCV  
  121  11:02  Medivac  
  109  11:06  Marine, SCV  
  109  11:07  Marine  
  109  11:09  Marine  
  110  11:12  Orbital Command  
  110  11:13  Marine x2  
  110  11:14  Marine  
  110  11:16  Marine  
  108  11:20  Marine  
  108  11:21  Marine  
  108  11:22  Marine  
  108  11:23  Marine  
  110  11:28  Marine  
  110  11:29  Marine x2  
  110  11:31  Marine x3  
  116  11:37  Marine  
  117  11:42  SCV  
  117  11:43  SCV x2  
  120  11:51  Siege Tank  
  121  11:58  Marauder x2  
  121  12:00  Marauder  
  102  12:02  Marauder  
  102  12:05  Marine x2  
  106  12:13  Marine x2  
  104  12:17  Liberator  
  104  12:19  Marauder x2, Siege Tank  
  104  12:20  Marine  
  104  12:22  Marauder, Marine  
  118  12:28  SCV x2  
  116  12:30  Marauder, Marine  
  116  12:36  Supply Depot  
  116  12:41  Marauder x2  
  116  12:43  Marauder  
  120  12:47  SCV x2  
  120  12:49  SCV  
  120  12:50  Marine  
  126  12:51  Marauder  
  126  12:55  Marine  
  126  12:57  Marine  
  126  12:58  Marine  
  128  13:02  Marine x3  
Show
View Real Time Build Order
Export as new Build Order

SHIN Zerg - Winner!

Build Orders: Hatch First 

Get SALT Encoding   

  12  0:00  Drone  
  13  0:08  Drone  
  14  0:14  Extractor  
  14  0:15  Drone  
  15  0:35  Hatchery  
  14  0:38  Extractor  
  14  0:39  Drone  
  15  0:46  Overlord  
  15  1:00  Spawning Pool  
  14  1:04  Drone  
  14  1:10  Drone  
  14  1:11  Drone  
  17  1:15  Drone  
  18  1:27  Drone  
  19  1:39  Drone  
  20  1:42  Extractor  
  20  1:46  Queen  
  20  1:47  Queen  
  19  1:48  Drone  
  19  1:50  Drone  
  25  1:58  Drone x2  
  27  2:08  Overlord  
  27  2:09  Drone  
  28  2:26  Queen  
  28  2:27  Drone x2  
  32  2:30  Queen  
  32  2:35  Overlord  
  34  2:38  Drone  
  34  2:42  Drone  
  36  2:45  Overlord  
  36  2:59  Drone x6  
  36  3:01  Drone  
  36  3:02  Drone  
  44  3:09  Lair  
  44  3:12  Drone  
  45  3:17  Roach Warren  
  45  3:19  Drone  
  45  3:20  Drone  
  45  3:22  Drone  
  47  3:34  Drone, Hatchery  
  47  3:37  Drone x2  
  49  3:41  Drone  
  49  3:42  Drone  
  49  3:43  Extractor x3  
  49  3:47  Drone x3  
  51  3:50  Drone  
  51  3:53  Evolution Chamber  
  51  3:54  Overlord  
  51  3:57  Drone  
  52  4:05  Glial Reconstitution  
  52  4:07  Overseer  
  52  4:09  Overlord  
  52  4:14  Drone x2  
  52  4:15  Roach x3  
  60  4:21  Overlord  
  60  4:22  Overlord  
  60  4:28  Roach x2  
  60  4:31  Roach  
  66  4:36  Zerg Ground Armor Level 1  
  66  4:39  Drone x2  
  66  4:41  Roach  
  66  4:42  Roach  
  72  4:47  Drone x2  
  72  4:52  Overlord  
  74  4:54  Roach  
  74  4:58  Roach x3  
  74  4:59  Roach  
  84  5:03  Drone x2  
  86  5:07  Drone  
  86  5:12  Drone x3  
  86  5:13  Drone  
  91  5:20  Drone  
  91  5:21  Drone  
  90  5:24  Drone, Infestation Pit  
  90  5:26  Drone, Extractor  
  90  5:27  Drone x2, Extractor  
  91  5:28  Drone x2  
  91  5:29  Drone  
  91  5:30  Drone  
  91  5:35  Drone  
  96  5:38  Drone  
  96  5:40  Drone  
  96  5:42  Overlord x2  
  98  5:43  Spore Crawler  
  98  5:50  Drone  
  98  5:53  Overlord  
  98  5:58  Overlord  
  98  6:00  Infestor x2, Hive  
  98  6:02  Roach  
  98  6:03  Zergling x2  
  105  6:04  Metabolic Boost  
  105  6:09  Drone x3  
  105  6:10  Drone  
  109  6:13  Roach x2  
  109  6:17  Drone  
  109  6:18  Roach x2  
  118  6:22  Roach x2  
  118  6:25  Drone x3  
  121  6:33  Overlord  
  121  6:39  Evolution Chamber, Hatchery, Zerg Ground Armor Level 2  
  119  6:42  Ravager x2  
  119  6:43  Ravager x2  
  119  6:45  Zergling x2, Roach  
  126  6:48  Overlord  
  126  6:51  Zergling x2  
  126  6:52  Zergling x8  
  131  6:55  Roach  
  131  6:56  Roach  
  135  7:01  Roach  
  135  7:03  Overlord x2  
  135  7:04  Zerg Melee Weapons Level 1  
  135  7:08  Zergling x6, Roach  
  142  7:16  Ultralisk Cavern  
  142  7:20  Zergling x10, Roach  
  142  7:21  Zergling x4  
  137  7:26  Overlord  
  137  7:28  Zergling x2, Roach  
  140  7:32  Overlord  
  140  7:33  Zergling x4, Roach  
  141  7:58  Drone  
  142  8:02  Chitinous Plating  
  142  8:04  Ultralisk x4  
  165  8:11  Zergling x22  
  179  8:20  Ultralisk  
  179  8:24  Overlord  
  179  8:33  Overlord  
  179  8:35  Overlord  
  179  8:42  Overlord  
  179  8:43  Ultralisk  
  179  8:44  Ultralisk  
  190  8:52  Drone x5  
  190  8:53  Extractor  
  190  8:54  Spore Crawler  
  192  8:59  Zergling x2, Ultralisk  
  184  9:17  Zergling x18  
  184  9:18  Zergling x8  
  184  9:21  Anabolic Synthesis  
  179  9:25  Zergling x12  
  179  9:26  Zergling x4  
  171  9:35  Zergling x18  
  174  9:39  Ultralisk  
  176  9:46  Zergling x14  
  176  9:47  Ravager  
  184  9:54  Zergling x4, Ultralisk  
  189  10:06  Zergling x2, Ultralisk x2  
  194  10:09  Drone x2  
  196  10:18  Zergling x2  
  196  10:19  Zergling x14  
  193  10:23  Ultralisk  
  193  10:24  Zergling x2  
  198  10:28  Baneling Nest  
  198  10:35  Zergling x8  
  200  10:39  Hatchery  
  194  10:48  Ultralisk  
  194  10:49  Zergling x6  
  189  10:51  Zergling x2  
  189  10:56  Ultralisk  
  183  10:59  Zergling x2  
  183  11:02  Drone x2  
  165  11:11  Hatchery  
  165  11:16  Zergling x4  
  164  11:18  Zergling x2  
  164  11:24  Zergling x6  
  161  11:26  Zergling x6  
  148  11:34  Infestor  
  148  11:35  Zergling x4  
  148  11:36  Zergling x2  
  140  11:43  Drone  
  140  11:44  Drone  
  140  11:45  Roach x2  
  146  11:47  Infestor  
  145  11:55  Zergling x2, Ultralisk  
  145  11:56  Zergling x6  
  145  12:01  Zergling x6  
  154  12:04  Ravager x2  
  154  12:07  Infestor  
  154  12:12  Drone x2  
  154  12:15  Ravager x2  
  158  12:20  Zergling x6  
  161  12:24  Zergling x4  
  161  12:25  Infestor  
  161  12:27  Zergling x4  
  160  12:30  Drone  
  160  12:31  Drone, Queen  
  160  12:35  Zergling x2  
  169  12:45  Baneling Nest  
  169  12:47  Zergling x6  
  169  12:48  Hatchery  
  169  12:50  Zergling x2  
  165  12:55  Roach x2  
  165  12:56  Roach  
  171  13:02  Zergling x4  
Tags
 
Add a new tag
Caveats
  • Supply blocks, unpowered buildings, or Contaminate may cause inaccurate times.
  • Supply counts are checked every 10 seconds.